 Dungeon Crawl Stone Soup version 0.29-a0-824-gd827844252 (webtiles) character file.

Game seed: 1524182970092720014

540 LynnLen the Covert (level 7, -7/36 HPs)
             Began as a Vampire Enchanter on July 9, 2022.
             Splashed by a jelly's acid (12 damage)
             ... on level 5 of the Dungeon.
             The game lasted 00:23:51 (6422 turns).

LynnLen the Covert (Vampire Enchanter)              Turns: 6422, Time: 00:23:53

Health: -7/36      AC: -3    Str:  7    XL:     7   Next: 5%
Magic:  11/11      EV: 10    Int: 25    God:
Gold:   31         SH:  0    Dex: 15    Spells: 7/11 levels left

rFire   . . .      SeeInvis +   a - +3 dagger
rCold   + + .      Faith    .   (no shield)
rNeg    + + +      Spirit   .   g - +3 ring mail
rPois   ∞          Reflect  .   j - +0 helmet
rElec   .          Harm     .   (no cloak)
rCorr   .          Rampage  .   (no gloves)
Will    +....                   (no boots)
Stlth   +++++.....              (no amulet)
HPRegen 0.00/turn               i - +6 ring of intelligence
MPRegen 0.12/turn               m - ring of willpower

@: corroded, bloodless, inhibited regen
A: bloodless, fangs 3, see invisible, vampiric 2, evolution 1
a: Bat Form, Revivify


You were on level 5 of the Dungeon.
You visited 1 branch of the dungeon, and saw 5 of its levels.

You collected 169 gold pieces.
You spent 138 gold pieces at shops.

Inventory:

Hand Weapons
 a - a +3 dagger (weapon)
Missiles
 k - 5 silver javelins
Armour
 g - a +3 ring mail (worn)
 j - a +0 helmet (worn)
Jewellery
 i - a +6 ring of intelligence (left hand)
 m - a ring of willpower (right hand)
Wands
 u - a wand of polymorph (4)
Scrolls
 b - a scroll of amnesia {unknown}
 e - a scroll of teleportation
 h - a scroll of blinking
 t - a scroll of fog {unknown}
 y - a scroll of magic mapping {unknown}
 z - a scroll of silence {unknown}
Potions
 c - a potion of invisibility
 d - 2 potions of resistance
 f - a potion of might {unknown}
 l - a potion of flight {unknown}
 n - 2 potions of berserk rage
 o - 3 potions of curing
 p - a potion of heal wounds {unknown}
 q - a potion of magic {unknown}
 r - 2 potions of mutation
 s - a potion of lignification {unknown}
 v - a potion of brilliance {unknown}
 w - a potion of attraction {unknown}
 x - a potion of degeneration {unknown}


   Skills:
 + Level 3.0 Short Blades
 - Level 1.1 Throwing
 * Level 3.8 Dodging
 * Level 8.6 Stealth
 * Level 2.7 Spellcasting
 * Level 1.2 Conjurations
 - Level 4.7 Hexes
 * Level 1.6 Air Magic


You had 7 spell levels left.
You knew the following spells:

 Your Spells              Type           Power      Damage    Failure   Level
a - Tukima's Dance        Hex            27%        N/A       16%         3
b - Shock                 Conj/Air       40%        1d5       21%         1

Your spell library contained the following spells:

 Spells                   Type           Power      Damage    Failure   Level
 Confusing Touch          Hex            27%        N/A       16%         3
 Ensorcelled Hibernation  Hex/Ice        30%        N/A       22%         2
 Dazzling Flash           Conj/Hex       36%        N/A       32%         3
 Apportation              Tloc           6%         N/A       36%         1
 Passwall                 Tmut/Erth      2%         N/A       50%         2
 Swiftness                Air            11%        N/A       50%         3
 Airstrike                Air            5%         0-3+      88%         4
 Alistair's Intoxication  Tmut/Pois      2%         N/A       100%        5
 Freezing Cloud           Conj/Ice/Air   4%         6-21      100%        5
 Simulacrum               Ice/Necr       1%         N/A       100%        6
 Polar Vortex             Ice            1%         N/A       100%        9


Dungeon Overview and Level Annotations

Branches:
Dungeon (5/15)
 Temple: D:4-7

Altars:
Kikubaaqudgha
Okawaru
Sif Muna
Trog
Uskayaw

Shops:
D:2 (*

Annotations:
D:4 2 transporters


Innate Abilities, Weirdness & Mutations

You do not regenerate when monsters are visible.
You are frail without blood (-20% HP).
You can heal yourself when you bite living creatures.
You are immune to poison.
You have razor-sharp teeth.
You have supernaturally acute eyesight. (SInv)
You are afflicted with vampirism and can become a bat while bloodless.
You have hidden genetic potential.


Message History

The helpless dart slug fails to defend itself.
You perforate the dart slug like a sieve!!!
You kill the dart slug!
You see here a dart slug corpse.
Found a scroll of blinking and 7 gold pieces.
A scorpion comes into view.
You see here a scroll of blinking.
You see here 7 gold pieces.
The helpless scorpion fails to defend itself.
You perforate the scorpion like a sieve!!!
You kill the scorpion!
Your Short Blades skill increases to level 3!
You have reached level 7!
You now have 31 gold pieces (gained 7).
h - a scroll of blinking You open the door.
Found a hide-covered altar of Uskayaw.
There is an open door here.
A jelly comes into view.
The jelly hits you but does no damage.
You barely miss the jelly. You hit the jelly.
Your hands burn!
You bite the jelly.
The jelly is moderately wounded.
The jelly closely misses you.
You hit the jelly. The acid corrodes you!
Your hands burn!
You bite the jelly, but do no damage.
The jelly is heavily wounded.
The jelly hits you.
You are splashed with acid!
You hit the jelly but do no damage. The acid corrodes you!
Your hands burn!
You punch the jelly, but do no damage. You bite the jelly, but do no damage.
The jelly is heavily wounded.
The jelly hits you.
You are splashed with acid!
* * * LOW HITPOINT WARNING * * *
You hit the jelly but do no damage. The acid corrodes you!
Your hands burn!
* * * LOW HITPOINT WARNING * * *
The jelly is heavily wounded.
The jelly hits you.
* * * LOW HITPOINT WARNING * * *
You are splashed with acid!
You die...

##### #####...#
#.......# ##### ...#...#
#####...#####.##.######
+....J_.....'..........
.#####.@.#####..#######.
.....#####......# #.
.###............# #.
......†.....##### ##
#############


You could see a jelly.

Vanquished Creatures
  2 scorpions (D:5)
  A howler monkey (D:3)
  4 hounds (D:4)
  A jelly (D:5)
  Jessica (D:2)
  Terence (D:2)
  An iguana (D:5)
  A gnoll (D:3)
  3 adders
  3 worms
  5 dart slugs
  3 orcs (D:3)
  4 ball pythons
  5 bats
  4 endoplasms
  3 giant cockroaches
  16 goblins
  12 hobgoblins
  8 jackals
  2 kobolds
  4 quokkas
  2 frilled lizards
  5 rats (D:1)
91 creatures vanquished.

Vanquished Creatures (collateral kills)
  Robin (D:2)
  A ball python (D:2)
  A hobgoblin (D:2)
3 creatures vanquished.

Vanquished Creatures (others)
  2 plants (D:2)
2 creatures vanquished.

Grand Total: 96 creatures vanquished

Notes
Turn   | Place    | Note
-------+----------+-------------------------------------------
     0 | D:1      | LynnLen the Vampire Enchanter began the quest for the Orb.
     0 | D:1      | Reached XP level 1. HP: 13/13 MP: 3/3
    98 | D:1      | Reached skill level 5 in Stealth
   150 | D:1      | Reached XP level 2. HP: 15/15 MP: 5/5
   498 | D:1      | Gained mutation: You are afflicted with vampirism and can
                  | become a bat while bloodless. [Vampire growth]
   498 | D:1      | Reached XP level 3. HP: 12/19 MP: 6/6
   855 | D:2      | Found a faded altar of an unknown god.
   866 | D:2      | Noticed Terence
   869 | D:2      | You fall into a shaft and drop 1 floor!
   953 | D:3      | Reached skill level 6 in Stealth
  1249 | D:3      | Learned a level 3 spell: Tukima's Dance
  1638 | D:3      | Learned a level 1 spell: Shock
  1859 | D:2      | Found Siqa Toj's Assorted Antiques.
  1900 | D:2      | Bought a scroll labelled ACOONA HISCHEU for 23 gold pieces
  1900 | D:2      | Bought a scroll labelled ACOONA HISCHEU for 23 gold pieces
  2088 | D:2      | Reached XP level 4. HP: 13/24 MP: 7/7
  2346 | D:2      | Noticed Jessica
  2711 | D:2      | Killed Jessica
  2731 | D:2      | Noticed Robin
  2738 | D:2      | Killed Robin
  3258 | D:2      | Found Tate's Antique Weapon Shoppe.
  3452 | D:2      | Killed Terence
  3453 | D:2      | Reached skill level 7 in Stealth
  3453 | D:2      | Reached XP level 5. HP: 25/28 MP: 5/8
  4424 | D:3      | Found a shimmering blue altar of Sif Muna.
  4500 | D:3      | Found an iron altar of Okawaru.
  4500 | D:3      | Found a bloodstained altar of Trog.
  4584 | D:4      | Found an ancient bone altar of Kikubaaqudgha.
  4590 | D:4      | Reached skill level 1 in Throwing
  4590 | D:4      | Reached skill level 1 in Air Magic
  4598 | D:4      | Reached XP level 6. HP: 32/32 MP: 9/9
  4729 | D:4      | Found a transporter.
  4738 | D:4      | Found a transporter.
  4911 | D:4      | Reached skill level 1 in Conjurations
  5941 | D:2      | Bought a scroll of identify for 46 gold pieces
  5941 | D:2      | Bought a scroll of identify for 46 gold pieces
  5943 | D:2      | Gained mutation: You are frail. (-10% HP) [potion of
                  | mutation]
  5943 | D:2      | Gained mutation: You are agile. (Dex +4, Str/Int -1)
                  | [potion of mutation]
  5944 | D:2      | Lost mutation: You are agile. (Dex +4, Str/Int -1) [potion
                  | of mutation]
  5944 | D:2      | Lost mutation: You are frail. (-10% HP) [potion of
                  | mutation]
  5944 | D:2      | Gained mutation: You have hidden genetic potential. [potion
                  | of mutation]
  6060 | D:5      | Entered Level 5 of the Dungeon
  6063 | D:5      | Reached skill level 8 in Stealth
  6393 | D:5      | Reached XP level 7. HP: 36/36 MP: 11/11
  6410 | D:5      | Found a hide-covered altar of Uskayaw.
  6422 | D:5      | Splashed by a jelly's acid

Illustrated notes

Levels and vault maps discovered:
D:1:      wander_arrival_estate, layout_loops_ring, st_stairs_7
D:2:      layout_rooms, serial_shops, shop, nicolae_shop_overgrown_old_shop,
          shapermc_ecumenical_altar_starsandcircs, uniq_terence, uniq_robin,
          uniq_jessica
D:3:      layout_basic, grunt_temple_overflow_bloody_war,
          mainiacjoe_overflow_small_starburst, minivault_26, corexii_shack,
          minivault_25, minivault_14
D:4:      gammafunk_wand_slinger, layout_layer_cave,
          mainiacjoe_overflow_alcove_2
D:5:      layout_loops_ring, mainiacjoe_overflow_surrounded_room

Skill      XL: |  1  2  3  4  5  6 |
---------------+-------------------+-----
Stealth        | 5 6 7 8 |  8.6
Dodging        | 3 |  3.8
Short Blades   | 2 3 |  3.0
Throwing       | 1 |  1.1
Air Magic      | 1 |  1.6
Conjurations   | 1 |  1.2
Spellcasting   | |  2.7
Hexes          | |  4.7

Action                   |  1- 3 |  4- 6 |  7- 9 || total
-------------------------+-------+-------+-------++-------
Melee: Dagger            |   136 |   213 |     5 ||   354
       Bite              |    12 |    25 |     3 ||    40
       Punch             |     6 |     3 |     1 ||    10
 Cast: Tukima's Dance    |       |     3 |       ||     3
       Shock             |       |     8 |       ||     8
 Abil: Exsanguinate      |     1 |       |       ||     1
  Use: Scroll            |     5 |    11 |       ||    16
       Potion            |       |     3 |       ||     3
 Stab: Sleeping          |    23 |    16 |       ||    39
Armor: Robe              |     1 |       |       ||     1
       Ring mail         |    56 |    95 |     1 ||   152
Dodge: Dodged            |    56 |    99 |     1 ||   156

Table legend: (Time is in decaauts)
 A = Elapsed time spent in this place.
 B = Non-inter-level travel time spent in this place.
 C = Inter-level travel time spent in this place.
 D = Time resting spent in this place.
 E = Time spent auto-exploring this place.
 F = Levels seen in this place.
 G = Mean time per level.
                   A        B        C        D        E       F      G
               +--------+--------+--------+--------+--------+-----+--------+
         Total |   6401 |   6355 |     46 |   2074 |   1508 |   5 | 1280.2 |
       Dungeon |   6401 |   6355 |     46 |   2074 |   1508 |   5 | 1280.2 |
               +--------+--------+--------+--------+--------+-----+--------+

Top non-repeatable levels by time:
     D:3: 2318 daAuts
     D:2: 1777 daAuts
     D:4: 1054 daAuts
     D:1: 893 daAuts
     D:5: 358 daAuts
